 Seeded DCSS version 0.30-b1-7-gcb88a99046 (webtiles) character file.

Game seed: 2929972864034825032 (custom seed)

832 AccursedSamuel the Trooper (level 7, -5/44 HPs)
             Began as a Gargoyle Monk on May 4, 2023.
             Was a High Priest of Jiyva.
             Killed from afar by a steam dragon (31 damage)
             ... with a ball of steam
             ... on level 6 of the Dungeon on May 5, 2023.
             The game lasted 00:19:17 (4244 turns).

AccursedSamuel the Trooper (Gargoyle Monk)          Turns: 4244, Time: 00:19:19

Health: -5/44      AC:  9    Str: 20    XL:     7   Next: 98%
Magic:  0/7        EV: 12    Int: 10    God:    Jiyva [*****.]
Gold:   103        SH: 10    Dex: 11    Spells: 6/6 levels left

rFire   x . .        f - +3 short sword (drain)
rCold   + . .        h - +2 kite shield
rNeg    + . .        b - +0 robe
rPois   ∞            (no helmet)
rElec   +            o - +1 cloak
rCorr   +            i - +0 pair of gloves
SInv    .            (no boots)
Will    .....        e - amulet of guardian spirit
Stlth   +++          j - ring of ice
HPRegen 1.71/turn    (no ring)
MPRegen 0.55/turn

%: guardian spirit
@: no status effects
A: sickness immunity, AC +4, negative energy resistance 1, electricity
resistance, torment resistance 1, petrification resistance, hooves 2, strong 1,
translucent skin 3, MP-powered wands
a: Renounce Religion, Oozemancy, Slimify


You were on level 6 of the Dungeon.
You worshipped Jiyva.
Jiyva was extremely pleased with you.
You visited 2 branches of the dungeon, and saw 7 of its levels.

You collected 103 gold pieces.

Inventory:

Hand Weapons
 a - a +1 hand axe
 f - a +3 short sword of draining (weapon)
Armour
 b - a +0 robe (worn)
 d - an orb of light
 h - a +2 kite shield (worn)
 i - a +0 pair of gloves (worn)
 o - a +1 cloak (worn)
Jewellery
 e - an amulet of guardian spirit (around neck)
 j - a ring of ice (left hand)
Wands
 n - a wand of flame (18)
 p - a wand of iceblast (9)
Scrolls
 k - a scroll of immolation
 q - a scroll of identify
Potions
 c - a potion of ambrosia
 g - 2 potions of degeneration
 l - a potion of haste {unknown}
 r - a potion of flight {unknown}


   Skills:
 + Level 4.8 Fighting
 + Level 3.1(3.2) Short Blades
 * Level 0.3(2.0) Long Blades
 + Level 3.2 Axes
 + Level 4.4 Dodging
 + Level 2.1 Stealth
 + Level 4.7 Shields


You had 6 spell levels left.
You didn't know any spells.
Your spell library contained the following spells:

 Spells                   Type           Power      Damage    Failure   Level
 Apportation              Tloc           0%         N/A       65%         1
 Magic Dart               Conj           0%         1d3       65%         1
 Necrotise                Necr           0%         1d4       65%         1
 Summon Small Mammal      Summ           0%         N/A       65%         1
 Searing Ray              Conj           0%         2d4       80%         2
 Fulminant Prism          Conj/Hex       0%         3d5       100%        4


Dungeon Overview and Level Annotations

Branches:
Dungeon (6/15)             Temple (1/1) D:4

Altars:
Dithmenos
Elyvilon
Fedhas
Gozag
Kikubaaqudgha
Nemelex Xobeh
Okawaru
Qazlal
Ru
Sif Muna
Uskayaw
Vehumet
Wu Jian
Xom
Zin
Jiyva

Shops:
D:1 [   D:2 (

Annotations:
Temple 4 transporters


Innate Abilities, Weirdness & Mutations

You are immune to sickness and miasma.
Your stone body is resilient. (AC +4)
You are immune to poison.
You resist negative energy. (rN+)
You are resistant to electric shocks. (rElec)
You are resistant to unholy torment.
You are immune to petrification.
You have hoof-like feet.
Your muscles are strong. (Str +4, Int/Dex -1)
Your transparent skin significantly reduces your foes' accuracy. (Stealth+)
You expend magic power (3 MP) to strengthen your wands.


Message History

The orc attacks as you move away! The orc misses you.
You hit the orc. You drain the orc. You kick the orc.
You kill the orc!
The orc throws a boomerang.
You block the boomerang. You block the orc's attack.
Things that are here:
a +0 whip; a +0 leather armour; an orc corpse You closely miss the orc.
The orc hits you but does no damage.
You hit the orc but do no damage. You drain the orc. You kick the orc.
You kill the orc!
Things that are here:
a +0 dagger; 3 boomerangs; a +0 leather armour
Things that are here:
a +0 dagger; a +0 robe A steam dragon comes into view.
The steam dragon hisses angrily.
The steam dragon breathes steam at you. The ball of steam hits you!
The steam scalds you terribly!
You hit the steam dragon but do no damage.
The steam dragon breathes steam at you. The ball of steam hits you!
The steam scalds you terribly!
You hit the steam dragon.
The steam dragon is lightly wounded.
You are engulfed in a cloud of scalding steam.
The steam dragon closely misses you.
The steam dragon claws you but does no damage.
You closely miss the steam dragon.
The steam dragon is lightly wounded.
You are engulfed in a cloud of scalding steam.
You block the steam dragon's attack. x2
You completely miss the steam dragon. Your kick misses the steam dragon.
The steam dragon is lightly wounded.
The steam dragon closely misses you. The steam dragon barely misses you.
You barely miss the steam dragon.
You kick the steam dragon, but do no damage.
The steam dragon is lightly wounded.
The steam dragon breathes steam at you. The ball of steam hits you!!!
The steam scalds you terribly!
Ouch! That really hurt!
You die...

####### .......
.......######.#
#.......D@§§....#
#.######..####### #.#
#..§...... #.#
#..######.
#.######..#### .#
#.##.........# #.#
########.##.#....##.#
#.#
.........##.........#
#.#
########.##.###.###.#
#.# #..


You could see a steam dragon (catching breath).

Vanquished Creatures
  Sigmund (D:2)
  An ice beast (D:5)
  2 ogres (D:5)
  A centaur (D:6)
  A hound (D:6)
  Jessica (D:3)
  A sleepcap (D:5)
  Natasha (twice) (D:2)
  2 iguanas (D:5)
  2 orc wizards
  Robin (D:2)
  3 adders
  An ufetubus (D:5)
  A dart slug (D:5)
  8 orcs
  2 giant cockroaches (D:3)
  9 goblins
  6 hobgoblins
  3 jackals (D:2)
  5 kobolds
  3 quokkas
  5 ball pythons
  6 bats (D:2)
  4 rats (D:1)
71 creatures vanquished.

Vanquished Creatures (others)
  A howler monkey (D:4)
  2 hounds
  A sleepcap (D:5)
  Natasha (D:2)
  An adder (D:4)
  A worm (D:2)
  A dart slug (D:4)
  A ball python (D:1)
  A bat (D:1)
  2 endoplasms (D:4)
  A giant cockroach (D:4)
  A goblin (D:2)
  2 hobgoblins (D:4)
  A quokka (D:3)
  A frilled lizard (D:1)
18 creatures vanquished.

Grand Total: 89 creatures vanquished

Notes
Turn   | Place    | Note
-------+----------+-------------------------------------------
     0 | D:1      | AccursedSamuel the Gargoyle Monk began the quest for the
                  | Orb.
     0 | D:1      | Reached XP level 1. HP: 14/14 MP: 1/1
   139 | D:1      | Found a faded altar of an unknown god.
   147 | D:1      | Prayed at the altar of an unknown god.
   147 | D:1      | Became a worshipper of Jiyva Juroaff the Shapeless
   147 | D:1      | Reached * piety under Jiyva
   147 | D:1      | Reached ** piety under Jiyva
   356 | D:1      | Found Sythu's Antique Armour Shoppe.
   408 | D:1      | Reached *** piety under Jiyva
   518 | D:1      | Reached XP level 2. HP: 19/19 MP: 2/2
   745 | D:1      | Gained mutation: You expend magic power (3 MP) to
                  | strengthen your wands. [Jiyva's grace]
   745 | D:1      | Gained mutation: You have large cloven feet. [Jiyva's
                  | grace]
   745 | D:1      | Gained mutation: You have hoof-like feet. [Jiyva's grace]
   745 | D:1      | Gained mutation: You have hooves in place of feet. [Jiyva's
                  | grace]
   898 | D:1      | Upgraded the game from 0.30-b1-5-g8e6c1be481 to
                  | 0.30-b1-7-gcb88a99046
  1142 | D:2      | Found a sacrificial altar of Ru.
  1148 | D:2      | Noticed Robin
  1160 | D:2      | Reached XP level 3. HP: 20/24 MP: 1/3
  1187 | D:2      | Killed Robin
  1378 | D:2      | Reached **** piety under Jiyva
  1412 | D:2      | Noticed Natasha
  1425 | D:2      | Killed Natasha
  1426 | D:2      | Reached skill level 1 in Shields
  1426 | D:2      | Reached XP level 4. HP: 29/29 MP: 4/4
  1463 | D:2      | Found Owkuqot's Antique Weapon Shoppe.
  1522 | D:2      | Noticed Sigmund
  1554 | D:2      | Killed Sigmund
  1555 | D:2      | Reached skill level 1 in Short Blades
  1555 | D:2      | Reached XP level 5. HP: 23/33 MP: 3/5
  1565 | D:2      | Reached XP level 6. HP: 38/38 MP: 6/6
  1588 | D:2      | Noticed Natasha
  1599 | D:2      | Killed Natasha
  1701 | D:2      | Killed Natasha
  1948 | D:3      | Found a stormy altar of Qazlal.
  2355 | D:3      | Noticed Jessica
  2393 | D:3      | Killed Jessica
  2539 | D:4      | Found a staircase to the Ecumenical Temple.
  2569 | Temple   | Entered the Ecumenical Temple
  2569 | Temple   | Found a transporter.
  2569 | Temple   | Found a transporter.
  2571 | Temple   | Found a transporter.
  2571 | Temple   | Found a transporter.
  2738 | D:4      | Reached ***** piety under Jiyva
  3240 | D:5      | Entered Level 5 of the Dungeon
  3243 | D:5      | Noticed an ice beast
  3259 | D:5      | Killed an ice beast
  3260 | D:5      | Reached skill level 1 in Stealth
  3322 | D:5      | Reached XP level 7. HP: 44/44 MP: 7/7
  3628 | D:5      | Lost mutation: You have hooves in place of feet. [Jiyva's
                  | grace]
  3628 | D:5      | Gained mutation: Your translucent skin slightly reduces
                  | your foes' accuracy. (Stealth+) [Jiyva's grace]
  3628 | D:5      | Gained mutation: Your translucent skin reduces your foes'
                  | accuracy. (Stealth+) [Jiyva's grace]
  3628 | D:5      | Gained mutation: Your transparent skin significantly
                  | reduces your foes' accuracy. (Stealth+) [Jiyva's grace]
  3628 | D:5      | Gained mutation: Your muscles are strong. (Str +4, Int/Dex
                  | -1) [Jiyva's grace]
  4142 | D:6      | Found a sacrificial altar of Ru.
  4233 | D:6      | Noticed a steam dragon
  4244 | D:6      | Killed from afar by a steam dragon

Illustrated notes

Levels and vault maps discovered:
D:1:      dpeg_arrival_houses_and_road, layout_loops_corners,
          hellmonk_ecumenical_altar_crossroads, serial_shops,
          nicolae_shop_real_fake_doors
D:2:      layout_basic, basic_altar, serial_shops, shop, uniq_robin,
          uniq_natasha, uniq_sigmund
D:3:      layout_loops_ring, mainiacjoe_overflow_concentric_impassable,
          minmay_misc_feat_square, nicolae_figureground_sparkle, uniq_jessica
D:4:      layout_loops_ring, minmay_temple_entry_waves
D:5:      layout_loops_ring, kennysheep_small_square
D:6:      layout_loops_ring, lemuel_doored_altar,
          mainiacjoe_overflow_cross_hatched, trog_hazing_becter,
          minmay_misc_feat_cross
Temple:   hellmonk_temple_divided_pantheon

Skill      XL: |  1  2  3  4  5  6  7 |
---------------+----------------------+-----
Axes           | 3 |  3.2
Dodging        | 3 4 |  4.4
Shields        | 1 2 3 4 |  4.7
Fighting       | 4 |  4.8
Short Blades   | 1 2 3 |  3.1
Stealth        | 1 2 |  2.1
Long Blades    | |  0.3

Action                     |  1- 3 |  4- 6 |  7- 9 || total
---------------------------+-------+-------+-------++-------
  Melee: Hand axe          |    37 |       |       ||    37
         Short sword       |    47 |    92 |    64 ||   203
         Kick              |    14 |    24 |    20 ||    58
    Use: Scroll            |     4 |     2 |     3 ||     9
   Stab: Sleeping          |       |       |     1 ||     1
 Armour: Robe              |    63 |    18 |    23 ||   104
  Dodge: Dodged            |    73 |    31 |    49 ||   153
  Block: Kite shield       |    87 |    42 |    47 ||   176
